cohdb
Replays
Latest Replays
All Replays
Popular Replays
Top Player Replays
Match Explorer
How It Works
Community
CoH3 Stats
Reddit
Sign in to upload your games and track your stats! →
Sign in with Steam
Match 41704413
Unlisted
Match 41704413
Overview
Messages
Build Orders
End
Panzergrenadier Squad
Panzergrenadier Squad
Construct Light Support Kompanie
Selects Panzerjäger Kommand Battlegroup
Selects Mine Fields
250 Light Carrier
Combat Half-tracks
Panzerjäger Squad
Fire Support Elements
Veteran Squad Leaders
Panzerjäger Mechanized Group
Selects Tank Busters
2.5-tonne Medical Truck
Panzergrenadier Squad
Selects Crew Shock Tactics
Pak 38 Anti-tank Gun Team
Selects Defensive Positions
Vehicle Survival Package
Construct Panzerarmee Kommand
Armored Reserves
Crew Shock Tactics
Panzergrenadier Squad
Emergency Repair Kits
Tiger Heavy Tank
Rapid Advance
Construct Mechanized Kompanie
Selects Anti-tank Overwatch
Selects Butterfly Bomb Drop
18-tonne Recovery Half-track
18-tonne Recovery Half-track
Panzerjäger Squad
Xyr0N
Onkel Franz
battle_pangolin
concrusher
SneaKerz
gb_gbg
0
0
Comments
sign in to comment!
No comments posted yet!